 Dungeon Crawl Stone Soup version 0.25.1-1-g288607f5aa (webtiles) character file.

Game seed: 97332715456931895

5363 KleinerIrrer the Grappler (level 10, -1/84 HPs)
             Began as a Purple Draconian Transmuter on July 24, 2020.
             Was a Follower of Cheibriados.
             Slain by a brown ugly thing (12 damage)
             ... on level 10 of the Dungeon.
             The game lasted 00:24:50 (11686 turns).

KleinerIrrer the Grappler (DrTm)                   Turns: 11686, Time: 00:24:50

Health: -1/84      AC:  4    Str: 19    XL:     10   Next: 39%
Magic:  14/14      EV: 12    Int: 16    God:    Cheibriados [*.....]
Gold:   553        SH:  0    Dex: 15    Spells: 7/15 levels left

rFire    + . .     SeeInvis .     - Unarmed
rCold    + . .     Gourm    .   (no shield)
rNeg     + . .     Faith    .   (armour unavailable)
rPois    .         Spirit   .   (helmet restricted)
rElec    .         Reflect  .   F - scarf {rC+ rF+}
rCorr    .         Harm     .   m - +0 pair of gloves
MR       +....                  (no boots)
Stlth    +.........             (no amulet)
HPRegen  0.24/turn              L - +4 ring of protection
MPRegen  0.14/turn              K - ring of positive energy

@: corroded, very slow
A: breathe power, unfitting armour, cold-blooded, AC +7
a: Breathe Dispelling Energy, Bend Time, Renounce Religion


You were on level 10 of the Dungeon.
You worshipped Cheibriados.
Cheibriados was aware of your devotion.
You were not hungry.

You visited 2 branches of the dungeon, and saw 11 of its levels.

You collected 643 gold pieces.
You spent 90 gold pieces at shops.

Inventory:

Missiles
 a - 127 arrows
 i - 335 stones
 j - 28 poisoned darts (quivered)
 G - 4 javelins
Armour
 m - a +0 pair of gloves (worn)
 C - a +0 cloak
 D - a +0 kite shield
 F - a scarf of resistance (worn)
Jewellery
 J - an uncursed ring of magical power
 K - a ring of positive energy (right hand)
 L - a +4 ring of protection (left hand)
Wands
 e - a wand of polymorph (5)
 n - a wand of paralysis (13)
 y - a wand of acid (8)
 z - a wand of flame (15)
 H - a wand of disintegration (18)
Scrolls
 f - a scroll of teleportation
 h - 2 scrolls of blinking {unknown}
 k - 3 scrolls of random uselessness {unknown}
 o - 5 scrolls of remove curse
 p - 2 scrolls of amnesia {unknown}
 q - a scroll of fog {unknown}
 u - 7 scrolls of identify
 v - a scroll of enchant armour {unknown}
 w - a scroll of enchant weapon
 A - 2 scrolls of immolation {unknown}
 B - a scroll of magic mapping {unknown}
 I - 2 scrolls of noise {unknown}
Potions
 b - a potion of mutation
 l - 2 potions of flight
 r - 2 potions of magic
 s - 7 potions of stabbing
 t - a potion of ambrosia {unknown}
 x - a potion of curing
 E - a potion of might {unknown}
Comestibles
 c - 10 rations
 d - 10 chunks of flesh


   Skills:
 * Level 6.5 Fighting
 - Level 1.7 Dodging
 - Level 14.4 Unarmed Combat
 + Level 3.2 Spellcasting
 * Level 6.3 Transmutations


You had 7 spell levels left.
You knew the following spells:

 Your Spells              Type           Power        Failure   Level  Hunger
a - Beastly Appendage     Tmut           ###...       1%          1    None
b - Sticks to Snakes      Tmut           ###.....     1%          2    ##.....
c - Blade Hands           Tmut           ###.......   36%         5    ######.

Your spell library contained the following spells:

 Spells                   Type           Power        Failure   Level  Hunger
 Spider Form              Tmut/Pois      ##........   16%         3    ###....
 Corona                   Hex            #......      19%         1    None
 Freeze                   Ice            #...         19%         1    None
 Ensorcelled Hibernation  Hex/Ice        #.....       28%         2    ##.....
 Ice Form                 Ice/Tmut       ##......     45%         4    ####...
 Confusing Touch          Hex            #.......     50%         3    ###....
 Dazzling Flash           Conj/Hex       #.....       50%         3    ###....
 Frozen Ramparts          Ice            #.....       50%         3    ###....
 Ozocubu's Armour         Chrm/Ice       #.......     50%         3    ###....
 Tukima's Dance           Hex            #.......     50%         3    ###....
 Hailstorm                Conj/Ice       #.......     88%         4    ####...
 Summon Ice Beast         Ice/Summ       #.......     88%         4    ####...


Dungeon Overview and Level Annotations

Branches:
Dungeon (10/15)            Temple (1/1) D:5
   Lair: D:8-11         Orc: D:9-12

Altars:
Ashenzari
Cheibriados
Dithmenos
Elyvilon
Fedhas
Gozag
Hepliaklqana
Kikubaaqudgha
Makhleb
Nemelex Xobeh
Okawaru
Qazlal
Ru
Sif Muna
Trog
Uskayaw
Vehumet
Wu Jian
Xom
Yredelemnul
Zin
The Shining One


Innate Abilities, Weirdness & Mutations

You can breathe bolts of dispelling energy.
Your rich purple scales are hard. (AC +7)
You cannot fit into any form of body armour.
You are cold-blooded and may be slowed by cold attacks.


Message History

The brown ugly thing is heavily wounded.
The brown ugly thing bites you.
You are splashed with acid!
You hit the brown ugly thing.
The brown ugly thing is heavily wounded.
The brown ugly thing bites you!
* * * LOW HITPOINT WARNING * * *
You are splashed with acid!
* * * LOW HITPOINT WARNING * * *
Unknown command.
Okay, then.
Okay, then.
Okay, then.
You barely miss the brown ugly thing.
The brown ugly thing is heavily wounded.
Unknown command.
You hit the brown ugly thing.
You tail-slap the brown ugly thing, but do no damage.
The brown ugly thing is heavily wounded.
The brown ugly thing bites you!
You die...

#(..# #...# #...#
.......# #...# .......#
#...# .......# #...#
.......# #...# .......#
#.@)# .......# #.u.#
.......# #.(.######
.......# #.(.......
.>.....########(........
..................######
..................#
)####.........(...# .#
#.............#


You could see a brown ugly thing (poisoned).

Vanquished Creatures
  A deep elf mage (D:8)
  2 cyclopes (D:7)
  Sigmund (D:2)
  2 wyverns
  2 hungry ghosts
  Eustachio (D:3)
  An orc warrior (D:8)
  A sky beast (D:7)
  2 ice beasts
  A black bear (D:9)
  3 ogres
  A necrophage (D:8)
  2 centaurs
  A big kobold (D:7)
  2 bullfrogs
  Blork the orc (D:4)
  2 scorpions
  2 howler monkeys (D:7)
  A crimson imp (D:8)
  4 hounds
  Crazy Yiuf (D:6)
  2 jellies
  5 orc priests
  A bullfrog skeleton (D:10)
  3 iguanas
  Jessica (D:2)
  Natasha (thrice) (D:2)
  Ijyb (D:4)
  2 orc wizards
  4 worker ants
  A killer bee zombie (D:7)
  2 hound skeletons (D:7)
  Robin (D:2)
  2 worker ant zombies (D:9)
  17 adders
  4 shadow imps
  An adder skeleton (D:9)
  A leopard gecko (D:4)
  26 orcs
  A ball python (D:1)
  4 giant cockroaches
  13 goblins
  16 hobgoblins
  9 kobolds
  3 quokkas
  A ball python skeleton (D:4)
  11 bats
  3 frilled lizards
  A quokka zombie (D:9)
  7 rats
180 creatures vanquished.

Vanquished Creatures (others)
  A black bear (D:10)
1 creature vanquished.

Grand Total: 181 creatures vanquished

Notes
Turn   | Place    | Note
-------+----------+-------------------------------------------
     0 | D:1      | KleinerIrrer the Draconian Transmuter began the quest for
                  | the Orb.
     0 | D:1      | Reached XP level 1. HP: 16/16 MP: 3/3
   501 | D:1      | Reached XP level 2. HP: 23/23 MP: 5/5
   968 | D:1      | Reached skill level 4 in Unarmed Combat
  1283 | D:1      | Reached XP level 3. HP: 25/28 MP: 6/6
  1707 | D:2      | Noticed Jessica
  1714 | D:2      | Learned a level 2 spell: Sticks to Snakes
  1742 | D:2      | Killed Jessica
  1742 | D:2      | Reached XP level 4. HP: 35/35 MP: 1/7
  1827 | D:2      | Noticed Sigmund
  1851 | D:2      | Killed Sigmund
  1851 | D:2      | Reached skill level 6 in Unarmed Combat
  1851 | D:2      | Reached XP level 5. HP: 38/40 MP: 8/8
  1953 | D:2      | Noticed Robin
  2462 | D:2      | Killed Robin
  2606 | D:2      | Reached XP level 6. HP: 47/47 MP: 9/9
  2615 | D:2      | Noticed Natasha
  2629 | D:2      | Killed Natasha
  2629 | D:2      | Reached skill level 7 in Unarmed Combat
  2725 | D:2      | Noticed Natasha
  2730 | D:2      | Killed Natasha
  2970 | D:2      | Noticed Natasha
  2980 | D:2      | Killed Natasha
  3766 | D:3      | Found a sacrificial altar of Ru.
  4423 | D:4      | Reached skill level 8 in Unarmed Combat
  4435 | D:4      | Your scales start taking on a rich purple colour.
  4435 | D:4      | Reached XP level 7. HP: 42/52 MP: 10/10
  4567 | D:4      | Found an ornate altar of the Wu Jian Council.
  4570 | D:4      | Noticed Ijyb
  4587 | D:4      | Killed Ijyb
  4697 | D:4      | Noticed Eustachio
  4911 | D:3      | Killed Eustachio
  5061 | D:4      | Found an iron altar of Okawaru.
  5090 | D:4      | Reached skill level 9 in Unarmed Combat
  5288 | D:4      | Noticed Blork the orc
  5301 | D:4      | Killed Blork the orc
  5327 | D:4      | Reached skill level 14 in Unarmed Combat
  5327 | D:4      | Reached XP level 8. HP: 31/59 MP: 11/11
  5613 | D:5      | Entered Level 5 of the Dungeon
  5632 | D:5      | Found a glowing golden altar of the Shining One.
  5633 | D:5      | Found an opulent altar of Gozag.
  5634 | D:5      | Found a radiant altar of Vehumet.
  5640 | D:5      | Became a worshipper of the Shining One
  5664 | D:5      | Found Zin's Purification Station.
  5672 | D:5      | Found a glowing silver altar of Zin.
  5675 | D:5      | Bought a potion of curing for 90 gold pieces
  5748 | D:5      | You fall into a shaft and drop 3 floors!
  5894 | D:6      | Found a runed translucent door.
  5895 | D:6      | Noticed Crazy Yiuf
  5903 | D:6      | Killed Crazy Yiuf
  6038 | D:5      | Found a stormy altar of Qazlal.
  6252 | D:5      | Found a staircase to the Ecumenical Temple.
  6365 | Temple   | Entered the Ecumenical Temple
  6734 | D:5      | Reached XP level 9. HP: 67/67 MP: 12/12
  7149 | D:6      | Learned a level 5 spell: Blade Hands
  7238 | D:7      | Noticed a cyclops
  7583 | D:7      | Found a bloodstained altar of Trog.
  7663 | D:7      | Reached * piety under the Shining One
  7870 | D:7      | Killed a cyclops
  8487 | D:7      | Noticed a cyclops
  8494 | D:7      | Killed a cyclops
  9112 | D:8      | Reached skill level 5 in Transmutations
  9122 | D:8      | Reached skill level 5 in Fighting
  9443 | D:8      | Reached XP level 10. HP: 63/81 MP: 14/14
  9805 | D:8      | Noticed a deep elf mage
  9811 | D:8      | Killed a deep elf mage
 10075 | Temple   | Fell from the grace of the Shining One
 10075 | Temple   | Became a worshipper of Cheibriados the Contemplative
 10940 | D:9      | Found a shimmering altar of Xom.
 11046 | D:9      | Reached * piety under Cheibriados
 11067 | D:9      | Found a shimmering altar of Xom.
 11494 | D:10     | Entered Level 10 of the Dungeon
 11672 | D:10     | Noticed a brown ugly thing
 11686 | D:10     | Slain by a brown ugly thing

Illustrated notes

Levels and vault maps discovered:
D:1:      minmay_arrival_wavy_path, layout_loops_corners
D:2:      layout_basic, first_ration, uniq_sigmund, uniq_natasha, uniq_jessica,
          uniq_robin
D:3:      layout_loops_ring, overflow_temple_1_default
D:4:      layout_cave_pools, lemuel_crystal_altar, lemuel_round_altar,
          uniq_eustachio, uniq_blork_the_orc, uniq_ijyb
D:5:      layout_loops_ring, zin_purify, grunt_temple_overflow_open,
          overflow_temple_1_default, minmay_temple_entry_glassed_door,
          chequers_serial_rivers_small_b
D:6:      layout_rooms, uniq_crazy_yiuf_cottage
D:7:      minmay_cornered_nines, layout_loops_ring, lightli_temple_of_fire,
          kennysheep_opposing_triangles
D:8:      layout_rooms, guppyfry_early_elven_hall
D:9:      layout_basic, xom_butterflies, tgw_xom
D:10:     layout_long_grid, hangedman_stone_soup
Temple:   minmay_temple_bridge_abc

Skill      XL: |  1  2  3  4  5  6  7  8  9 10 |
---------------+-------------------------------+-----
Unarmed Combat | 4 6 8 14 | 14.4
Fighting       | 2 5 6 |  6.5
Transmutations | 5 6 |  6.3
Spellcasting   | 3 |  3.2
Dodging        | |  1.7

Action                   |  1- 3 |  4- 6 |  7- 9 | 10-12 || total
-------------------------+-------+-------+-------+-------++-------
Melee: Dagger            |   169 |       |       |       ||   169
       Unarmed           |     6 |   170 |   229 |   118 ||   523
       Tailslap          |    24 |    14 |    19 |    15 ||    72
       Punch             |     2 |     4 |    16 |     5 ||    27
       Headbutt          |     1 |       |     3 |       ||     4
       Kick              |     2 |       |     2 |       ||     4
Throw: Dart              |       |     4 |     9 |     6 ||    19
       Throwing net      |       |     2 |       |       ||     2
       Stone             |       |       |     1 |       ||     1
 Cast: Beastly Appendage |     4 |     2 |     4 |       ||    10
       Sticks to Snakes  |     2 |       |       |       ||     2
 Abil: Breathe Dispellin |       |       |     6 |       ||     6
  Use: Potion            |     3 |       |     4 |     1 ||     8
       Scroll            |       |     8 |     1 |     1 ||    10
 Stab: Sleeping          |       |     3 |     1 |       ||     4
  Eat: Chunk             |     3 |     9 |    14 |     3 ||    29
       Ration            |       |       |     1 |     2 ||     3
Armor: Skin              |    65 |    48 |    66 |    33 ||   212
Dodge: Dodged            |   146 |    83 |   154 |    46 ||   429
